 Dungeon Crawl Stone Soup version 0.17-a0-1446-gc28613e (webtiles) character file.

155451 lauthentik the Pulveriser (level 17, 0/163 HPs)
             Began as a Minotaur Gladiator on June 28, 2015.
             Was the Champion of Ashenzari.
             Killed from afar by a deep elf conjurer (15 damage)
             ... with a bolt of cold
             ... on level 2 of the Elven Halls.
             The game lasted 02:48:48 (23161 turns).

lauthentik the Pulveriser (Minotaur Gladiator)     Turns: 23161, Time: 02:48:49

Health: 0/163      AC: 27    Str: 21    XL:     17   Next: 8%
Magic:  18/18      EV: 15    Int:  5    God:    Ashenzari [******]
Gold:   2127       SH:  0    Dex: 17    Spells: 0 memorised, 16 levels left

rFire  . . .     SeeInvis +     M - +5 lajatang (vamp) (curse)
rCold  . . .     Clarity  +     w - +4 plate armour "Ineokhli" {rPois rN+ MR+} (curse)
rNeg   + . .     SustAt   .     (no shield)
rPois  +         Gourm    .     c - +0 hat (curse)
rElec  .         Spirit   .     C - +0 cloak (curse)
rCorr  .         Warding  .     V - +2 pair of gloves (curse)
rMut   .         Stasis   .     G - +2 pair of boots (curse)
MR     ++...                    P - amulet of regeneration (curse)
Stlth  ..........               x - +5 ring of evasion (curse)
                                u - ring of flight

@: very resistant to hostile enchantments, extremely unstealthy
A: retaliatory headbutt, horns 2, deformed body
a: Scrying, Transfer Knowledge, Renounce Religion, Evoke Flight


You were on level 2 of the Elven Halls.
You worshipped Ashenzari.
Ashenzari was exalted by your worship.
You were not hungry.

You visited 4 branches of the dungeon, and saw 27 of its levels.
You visited 1 bazaar.
You also visited: Ice Cave and Volcano.

You collected 3225 gold pieces.
You spent 1098 gold pieces at shops.

Inventory:

Hand weapons
 M - a cursed +5 vampiric lajatang (weapon)
Missiles
 d - 39 tomahawks (quivered)
 f - 2 tomahawks of dispersal
 g - 3 silver tomahawks
 q - 8 tomahawks of returning
Armour
 c - a cursed +0 hat (worn)
 w - the cursed +4 plate armour "Ineokhli" (worn) {rPois rN+ MR+}
   (You found it on level 11 of the Dungeon)

   It protects you from poison.
   It protects you from negative energy.
   It affects your resistance to hostile enchantments.
   It has a curse placed upon it.
 C - a cursed +0 cloak (worn)
 G - a cursed +2 pair of boots (worn)
 V - a cursed +2 pair of gloves (worn)
Jewellery
 u - a ring of flight (left hand)
 x - a cursed +5 ring of evasion (right hand)
 B - an uncursed ring of protection from magic
 P - a cursed amulet of regeneration (around neck)
 Z - an uncursed amulet of stasis
Magical devices
 a - a wand of enslavement (12)
 s - a wand of teleportation (2)
 v - a wand of fire (11)
 y - a wand of lightning (3)
 E - a wand of heal wounds (3)
 H - a wand of confusion (13)
 I - a wand of heal wounds (3)
 N - a wand of disintegration (11)
 S - a wand of cold (3)
 U - a wand of fireball (3)
Scrolls
 k - a scroll of fog
 l - 4 scrolls of fear
 m - a scroll of curse armour
 p - a scroll of recharging
 D - 2 scrolls of blinking
 F - 4 scrolls of curse weapon
 K - 5 scrolls of teleportation
 T - 11 scrolls of remove curse
Potions
 e - 2 potions of cancellation
 i - 2 potions of agility
 j - 4 potions of heal wounds
 n - 10 potions of curing
 r - 4 potions of berserk rage
 t - 3 potions of might
 A - a potion of ambrosia
 J - 6 potions of haste
 L - a potion of invisibility
 W - a potion of resistance
Miscellaneous
 O - a fan of gales
 Q - a fan of gales
Comestibles
 z - 5 fruits
 X - 7 beef jerkies
 Y - 4 slices of pizza


   Skills:
 + Level 18.0 Fighting
 + Level 22.0(26.5) Staves
 + Level 7.2 Throwing
 + Level 14.2(19.5) Armour
 - Level 4.0 Dodging
 + Level 3.1 Unarmed Combat
 + Level 3.3(6.0) Evocations


You had 16 spell levels left.
You didn't know any spells.

Dungeon Overview and Level Annotations

Branches:
Dungeon (13/15)            Temple (0/1) D:5            Lair (8/8) D:10
  Swamp (0/4) Lair:4       Spider (0/4) Lair:6        Slime (0/6) Lair:8
    Orc (4/4) D:12            Elf (2/3) Orc:4
 Vaults: D:13-14

Altars:
Ashenzari
Cheibriados
Dithmenos
Elyvilon
Fedhas
Kikubaaqudgha
Makhleb
Qazlal
Trog
Vehumet
Xom
Yredelemnul
Beogh
Jiyva

Shops:
D:9 *   D:10 *   D:13 (   Orc:1 [(:   Orc:4 (![%   Elf:2 }

Annotations:
Lair:8 1 runed door


Innate Abilities, Weirdness & Mutations

You reflexively headbutt those who attack you in melee.
You have a pair of horns on your head.
Armour fits poorly on your strangely shaped body.


Message History

The deep elf knight blocks your attack.
You headbutt the deep elf knight.
The deep elf knight is almost dead.
The trident of venom completely misses you.
You hear a distant blaring wail to the east.
The glaive of distortion completely misses you.
The deep elf knight hits you with a short sword of electrocution!
* * * LOW HITPOINT WARNING * * *
The bardiche of pain hits you!
* * * LOW HITPOINT WARNING * * *
You carve the deep elf knight like a ham!!!
You feel better.
You kill the deep elf knight!
Your Fighting skill increases to level 18!
The trident of venom hits you but does no damage.
The glaive of distortion hits you from afar!
* * * LOW HITPOINT WARNING * * *
You blink.
The deep elf conjurer gestures at you while chanting.
The bolt of cold hits you!
You die...

*.....#............
,, ,
.................., ,
, *........(.........
,, ,,,
*.........ee.......,
, . *
.......e.e......., ,,
, .
*,....e(.(......... ,
,. ,....#()e.........
, .
*,...###ยง..........,
..... ...*
#..@........,,*.....
*,.. *
##..........,**#....
, , * *#..........*
##... * , *
........... * #.... *
,, ........... *.....
*,,,,............,
,,.....
,,...##...##...
,,,*#.. *...#
##.##*#.#***, *##. *
** ** * ##


You could see a deep elf knight, a deep elf conjurer, 3 deep elf fighters, a
deep elf mage and 3 dancing weapons.

Vanquished Creatures
  A frost giant (IceCv)
  Nessos (Lair:5)
  2 deep elf annihilators
  2 deep elf demonologists (Elf:1)
  A centaur warrior (D:13)
  The ghost of Moneymaker the Cleaver, a powerful DsBe of Trog (D:11)
  A deep elf high priest (Elf:2)
  The ghost of nujazz the Eclecticist, a powerful DECj of the Shining One (Lair:4)
  10 hydras
  Erica (Lair:2)
  2 dancing weapons (Elf:2)
  The ghost of Boomshaker the Cleaver, an experienced HOFi of Okawaru (D:9)
  The ghost of hackum the Carver, an experienced DsFi of Makhleb (Orc:2)
  6 death yaks
  A tengu warrior (D:13)
  4 orc high priests (Orc:4)
  Sonja (Orc:2)
  8 deep elf knights
  9 deep elf summoners
  An ice statue (IceCv)
  2 lindwurms
  A hill giant (D:12)
  2 griffons
  An orc knight (D:13)
  A cyclops (D:11)
  A mana viper (shapeshifter) (Elf:1)
  2 orc sorcerers
  An oklob plant (Lair:6)
  16 deep elf conjurers
  14 elephants
  2 centaur zombies
  12 spiny frogs
  A torpor snail (Lair:6)
  2 black mambas
  A kobold demonologist (D:12)
  2 fire drakes
  9 deep elf priests
  A yaktaur (shapeshifter) (Elf:2)
  A spriggan druid (Lair:8)
  7 komodo dragons
  A tengu conjurer (D:13)
  5 trolls
  A queen bee (Lair:2)
  3 giant leeches (Lair:4)
  15 polar bears
  A boulder beetle (Lair:5)
  A slime creature (D:12)
  3 two-headed ogres
  6 blink frogs
  3 wraiths
  A shadow (D:12)
  2 wyverns
  4 redbacks (Lair:8)
  14 spriggans (Lair:8)
  A hog (D:8)
  A human (D:8)
  A basilisk (Lair:4)
  31 deep elf fighters
  21 deep elf magi
  11 hippogriffs
  44 yaks
  A soldier ant (D:12)
  2 hungry ghosts
  35 wolves
  A warg (Orc:2)
  A mottled dragon (D:12)
  13 water moccasins
  Edmund (D:5)
  9 ice beasts
  6 porcupines
  2 sky beasts
  2 phantoms
  10 black bears
  8 spiders (Lair:6)
  27 orc warriors
  3 wasps (Lair:8)
  10 ogres
  12 centaurs
  A necrophage (D:10)
  16 crocodiles
  A gnoll sergeant (D:5)
  15 giant frogs
  2 big kobolds
  5 scorpions
  19 killer bees (Lair:2)
  7 jellies
  19 wights
  3 electric eels
  5 hounds
  11 crimson imps
  2 giant frog zombies
  Crazy Yiuf (D:2)
  40 orc priests
  3 giant frog skeletons
  Jessica (D:2)
  4 centaur skeletons
  10 iguanas
  48 orc wizards
  11 worker ants
  A killer bee zombie (D:10)
  28 sheep
  Robin (D:2)
  9 adders
  11 gnolls
  44 river rats
  A shadow imp (D:12)
  2 oozes
  An adder zombie (D:5)
  3 worms
  3 giant geckos
  200 orcs
  6 ball pythons
  A bat skeleton (D:6)
  2 bat zombies
  3 giant cockroaches
  24 goblins
  28 hobgoblins
  19 kobolds
  6 quokkas
  17 bats
  2 giant newts
  4 jackals
  A quokka skeleton (D:5)
  12 rats
  A spectral orc (D:7)
  4 crawling corpses
  2 fungi (D:2)
  3 plants (D:10)
1110 creatures vanquished.

Vanquished Creatures (others)
  3 polar bears (IceCv)
  A deep elf mage (Elf:2)
  A deep elf fighter (Elf:2)
  An orc (Orc:2)
  A kobold (D:7)
  A crawling corpse (Elf:1)
  A plant (Lair:4)
9 creatures vanquished.

Grand Total: 1119 creatures vanquished

Notes
Turn   | Place    | Note
--------------------------------------------------------------
     0 | D:1      | lauthentik the Minotaur Gladiator began the quest for the Orb.
     0 | D:1      | Reached XP level 1. HP: 18/18 MP: 0/0
   161 | D:1      | Reached XP level 2. HP: 22/25 MP: 1/1
   222 | D:1      | Reached skill level 4 in Staves
   571 | D:2      | Reached XP level 3. HP: 27/30 MP: 2/2
   586 | D:2      | Noticed Jessica
   592 | D:2      | Killed Jessica
   593 | D:2      | Found a stormy altar of Qazlal.
   658 | D:2      | Found a snail-covered altar of Cheibriados.
   660 | D:2      | Noticed Robin
   676 | D:2      | Killed Robin
   676 | D:2      | Reached XP level 4. HP: 24/37 MP: 3/3
   685 | D:2      | Reached skill level 1 in Armour
   686 | D:2      | Reached skill level 5 in Staves
  1002 | D:2      | Found a shattered altar of Ashenzari.
  1103 | D:2      | Became a worshipper of Ashenzari the Shackled
  1146 | D:2      | Reached XP level 5. HP: 30/45 MP: 4/4
  1225 | D:2      | Noticed Crazy Yiuf
  1229 | D:2      | Killed Crazy Yiuf
  1492 | D:3      | Found a shadowy altar of Dithmenos.
  1687 | D:3      | Reached XP level 6. HP: 30/52 MP: 5/5
  1815 | D:3      | Found a radiant altar of Vehumet.
  1924 | D:4      | Reached skill level 6 in Staves
  2170 | D:4      | Reached XP level 7. HP: 58/60 MP: 6/6
  2260 | D:4      | Found a white marble altar of Elyvilon.
  2527 | D:4      | Found a burning altar of Makhleb.
  2595 | D:4      | Acquired Ashenzari's first power
  2983 | D:5      | Entered Level 5 of the Dungeon
  2986 | D:5      | Reached skill level 5 in Armour
  3000 | D:5      | Reached skill level 7 in Staves
  3152 | D:5      | Reached skill level 5 in Fighting
  3321 | D:5      | Reached XP level 8. HP: 57/69 MP: 7/7
  3460 | D:5      | Found a blossoming altar of Fedhas.
  3464 | D:5      | Noticed Edmund
  3479 | D:5      | Killed Edmund
  3717 | D:5      | Found a staircase to the Ecumenical Temple.
  3885 | D:6      | Reached skill level 8 in Staves
  4920 | D:7      | Reached skill level 9 in Staves
  4920 | D:7      | Reached XP level 9. HP: 79/79 MP: 8/8
  4940 | D:7      | Acquired Ashenzari's second power
  5111 | D:7      | Identified the ring "Wamer" {rN++ Int+4}
  5177 | D:7      | Found a shimmering altar of Xom.
  5177 | D:7      | Found a shimmering altar of Xom.
  5177 | D:7      | Found a shimmering altar of Xom.
  5178 | D:7      | Found a shimmering altar of Xom.
  5178 | D:7      | Found a shimmering altar of Xom.
  5194 | D:7      | Found a shimmering altar of Xom.
  5415 | D:7      | Found a basalt altar of Yredelemnul.
  5576 | D:8      | Found a bloodstained altar of Trog.
  5800 | D:8      | Reached skill level 10 in Staves
  6363 | D:9      | Noticed Boomshaker's ghost (experienced HOFi)
  6385 | D:9      | Killed Boomshaker's ghost
  6385 | D:9      | Reached XP level 10. HP: 42/91 MP: 9/9
  6471 | D:9      | Reached skill level 11 in Staves
  6515 | D:9      | Found an ancient bone altar of Kikubaaqudgha.
  6523 | D:9      | Reached skill level 5 in Throwing
  6630 | D:9      | Found Ynlokah's Serpentskin Sales.
  6747 | D:9      | Acquired Ashenzari's third power
  6830 | D:10     | Entered Level 10 of the Dungeon
  6901 | D:10     | Reached skill level 10 in Armour
  6982 | D:10     | Reached skill level 10 in Fighting
  7049 | D:10     | Found Guelitro's Assorted Antiques.
  7129 | D:10     | Found a staircase to the Lair.
  7528 | D:11     | Found a frozen archway.
  7533 | D:11     | Noticed Moneymaker's ghost (powerful DsBe)
  7572 | D:11     | Killed Moneymaker's ghost
  7572 | D:11     | Reached skill level 12 in Staves
  7688 | IceCv    | Entered an ice cave
  7697 | IceCv    | Reached XP level 11. HP: 80/101 MP: 10/10
  7856 | IceCv    | Noticed an ice statue
  7867 | IceCv    | Killed an ice statue
  7872 | IceCv    | Identified Zozafo's Volume of Evil
  8028 | IceCv    | Reached skill level 13 in Staves
  8117 | IceCv    | Reached skill level 1 in Evocations
  8158 | IceCv    | Noticed a death yak
  8180 | IceCv    | Killed a death yak
  8202 | IceCv    | Reached skill level 14 in Staves
  8354 | IceCv    | Noticed a frost giant
  8400 | IceCv    | Killed a frost giant
  8400 | IceCv    | Reached XP level 12. HP: 71/112 MP: 12/12
  9218 | D:11     | Noticed a cyclops
  9232 | D:11     | Killed a cyclops
  9537 | D:11     | Identified the +4 plate armour "Ineokhli" {rPois rN+ MR+}
  9724 | D:12     | Noticed a five-headed hydra
  9736 | D:11     | Killed a ten-headed hydra
  9823 | D:12     | Reached skill level 15 in Staves
  9937 | D:12     | Acquired Ashenzari's fourth power
 10472 | D:12     | Found a staircase to the Orcish Mines.
 10853 | D:13     | Found a roughly hewn altar of Beogh.
 11096 | D:13     | Gained mutation: You are resistant to hostile enchantments. [mutagenic meat]
 11097 | D:13     | Gained mutation: Armour fits poorly on your strangely shaped body. [mutagenic meat]
 11098 | D:13     | Gained mutation: You are dopey. (Int -2) [mutagenic meat]
 11099 | D:13     | Gained mutation: You are highly resistant to hostile enchantments. [mutagenic meat]
 11100 | D:13     | Lost mutation: You are dopey. (Int -2) [mutagenic meat]
 11207 | D:13     | Reached skill level 16 in Staves
 11282 | D:13     | Found Xuomeur's Antique Weapon Shop.
 11324 | D:13     | Noticed a centaur warrior
 11333 | D:13     | Killed a centaur warrior
 11583 | Lair:1   | Entered Level 1 of the Lair of Beasts
 11583 | Lair:1   | Noticed a four-headed hydra
 11592 | Lair:1   | Killed a seven-headed hydra
 11592 | Lair:1   | Reached XP level 13. HP: 122/124 MP: 13/13
 11701 | Lair:1   | Identified a +0 rod of inaccuracy (12/12)
 12301 | Lair:2   | Noticed Erica
 12308 | Lair:2   | Killed Erica
 12707 | Lair:3   | Reached skill level 17 in Staves
 12861 | D:10     | Bought 2 dark potions for 46 gold pieces
 12861 | D:10     | Bought a grey potion for 23 gold pieces
 12861 | D:10     | Bought a yellow potion for 23 gold pieces
 14158 | Lair:4   | Reached skill level 15 in Fighting
 14187 | Lair:4   | Noticed nujazz's ghost (powerful DECj)
 14196 | Lair:4   | Killed nujazz's ghost
 14312 | Lair:4   | Reached skill level 18 in Staves
 14345 | Lair:4   | Reached XP level 14. HP: 133/135 MP: 14/14
 14686 | Lair:4   | Found a staircase to the Swamp.
 14898 | Lair:5   | Noticed Nessos
 14925 | Lair:5   | Killed Nessos
 15266 | Lair:5   | Lost mutation: Armour fits poorly on your strangely shaped body. [potion of cure mutation]
 15266 | Lair:5   | Lost mutation: You are highly resistant to hostile enchantments. [potion of cure mutation]
 15266 | Lair:5   | Lost mutation: You are resistant to hostile enchantments. [potion of cure mutation]
 16055 | Lair:6   | Found a runed door.
 16262 | Lair:6   | Found a hole to the Spider Nest.
 16763 | Lair:7   | Reached skill level 19 in Staves
 17277 | Lair:8   | Entered Level 8 of the Lair of Beasts
 17697 | Lair:8   | Found a runed door.
 17697 | Lair:8   | Found a viscous altar of Jiyva.
 17697 | Lair:8   | Found a staircase to the Slime Pits.
 17697 | Lair:8   | Noticed an acid blob
 17697 | Lair:8   | Noticed an acid blob
 17912 | Lair:8   | Reached skill level 20 in Staves
 18510 | Orc:1    | Entered Level 1 of the Orcish Mines
 18510 | Orc:1    | Found Feygiq's Antique Weapon Shop.
 18796 | Orc:1    | Reached XP level 15. HP: 145/145 MP: 15/15
 18800 | Orc:1    | Found Ciniop's Book Shoppe.
 19070 | Orc:1    | Found Nogixketa's Antique Armour Emporium.
 19091 | Orc:1    | Bought a pair of brightly glowing boots for 256 gold pieces
 19091 | Orc:1    | Identified the +0 pair of boots "Hokiqotyma" {Str+2} (You bought it in a shop on level 1 of the Orcish Mines)
 19252 | Orc:2    | Noticed Sonja
 19261 | Orc:2    | Killed Sonja
 19552 | Orc:3    | Found a dark tunnel.
 19562 | Volcano  | Entered a volcano
 20090 | Orc:2    | Noticed hackum's ghost (experienced DsFi)
 20201 | Orc:2    | Killed hackum's ghost
 20380 | Orc:4    | Entered Level 4 of the Orcish Mines
 21051 | Orc:4    | Found Wyed's Food Emporium.
 21051 | Orc:4    | Found Tudaghek's Antique Armour Emporium.
 21052 | Orc:4    | Found Sorew's Weapon Shoppe.
 21056 | Orc:4    | Found Gum Pel's Distillery.
 21103 | Orc:4    | Bought a potion of experience for 750 gold pieces
 21179 | Orc:4    | Found a staircase to the Elven Halls.
 21273 | Orc:4    | Found Woqeodag's Food Shoppe.
 21580 | Elf:1    | Entered Level 1 of the Elven Halls
 21614 | Elf:1    | Found a flickering gateway to a bazaar.
 21627 | Bazaar   | Entered a bazaar
 21627 | Bazaar   | Found Sexul's Book Shoppe.
 21627 | Bazaar   | Found Datizas's Weapon Shoppe.
 21627 | Bazaar   | Found Miuroj's Food Emporium.
 21629 | Bazaar   | Found Tiutsiz's Book Emporium.
 21851 | Elf:1    | Noticed an Executioner
 21859 | Elf:1    | Gained mutation: Armour fits poorly on your strangely shaped body. [a cacodemon]
 21865 | Elf:1    | Reached skill level 21 in Staves
 22843 | Elf:2    | Found a runed gate.
 22843 | Elf:2    | Found a runed gate.
 22843 | Elf:2    | Found a runed gate.
 22941 | Elf:2    | Identified the cursed +1 robe "Hiohot" {Str-4 Int+7}
 22971 | Elf:2    | Reached XP level 16. HP: 157/157 MP: 16/16
 22972 | Elf:2    | Reached XP level 17. HP: 163/163 MP: 16/18
 23031 | Elf:2    | Found Oragyidgh's Gadget Shop.
 23072 | Elf:2    | Reached skill level 22 in Staves
 23161 | Elf:2    | Killed from afar by a deep elf conjurer

Vault maps used:
D:1:      dpeg_arrival_rhombus
D:2:      ashenzari_altar_1, cheibriados_altar_1, lemuel_doored_altar,
          uniq_robin, uniq_jessica, uniq_crazy_yiuf_cottage
D:3:      overflow_temple_1_default, nicolae_dithmenos_through_a_glass_darkly
D:4:      kennysheep_little_box, elyvilon_altar_5
D:5:      fedhas_altar_1, minmay_temple_entry_poolview, first_bread, uniq_edmund
D:7:      xom_shifter_show, yredelemnul_forgotten_temple_becter
D:8:      overflow_temple_1_default, grunt_livestock
D:9:      old_standard_altar, guppyfry_shop_venom
D:10:     dpeg_oklobed_lair, serial_shops, nicolae_shop_overgrown_old_shop
D:11:     portal_ice_cave_entry_pillars_02
D:12:     orc_0_dummy, minmay_joined_circles
D:13:     serial_shops, kennysheep_mini_moat
Lair:1:   lemuel_fruit_fields
Lair:2:   special_room, infiniplex_staircase_pool_2, serial_bayou_shore_a,
          uniq_erica
Lair:3:   infiniplex_staircase_pool
Lair:4:   minmay_swamp_entry_worms, serial_bayou_lagoon_a
Lair:5:   uniq_nessos
Lair:6:   spider_nest_entry_a, pf_torpor_hydra, grunt_megastairs_3
Lair:8:   minmay_lair_end_enchanted_forest, slime_altar_2
Orc:1:    serial_shops, shop, shop, nicolae_shop_overgrown_old_shop
Orc:2:    uniq_sonja
Orc:3:    nicolae_volcano_entry_vermiform, nicolae_orc_pool_cavern,
          nicolae_orc_bridge_out, elves_outpost_lemuel
Orc:4:    st_orc_mages, serial_shops, nicolae_shop_behind_doors
Elf:1:    minmay_elf_arrival_summoners, serial_shops, bzr_entry_water,
          hangedman_elf_represent
Elf:2:    serial_shops, nicolae_shop_crystal, hangedman_elf_targetted_burst
Bazaar:   bazaar_general_marketplace
IceCv:    ice_cave_caverns_02
Volcano:  volcano_pools

Action                   |  1- 3 |  4- 6 |  7- 9 | 10-12 | 13-15 | 16-18 || total
-------------------------+-------+-------+-------+-------+-------+-------++-------
Melee: Quarterstaff      |    50 |   134 |   300 |   497 |       |       ||   981
       Lajatang          |       |       |       |   256 |  1639 |    37 ||  1932
Throw: Javelin           |     5 |     8 |    22 |    34 |     3 |       ||    72
       Throwing net      |     1 |       |     4 |     4 |       |       ||     9
       Tomahawk          |       |       |       |       |    13 |       ||    13
 Abil: Evoke Flight      |       |       |       |     1 |     1 |       ||     2
Evoke: Wand              |       |       |       |     6 |       |       ||     6
  Use: Scroll            |       |     9 |     1 |    17 |    26 |       ||    53
       Potion            |       |       |       |     5 |     2 |     1 ||     8
 Stab: Held in net/web   |       |       |     1 |       |       |       ||     1
       Paralysed         |       |       |     4 |     7 |       |       ||    11
       Petrifying        |       |       |     2 |     1 |       |       ||     3
       Confused          |       |       |     1 |     3 |       |       ||     4
       Fleeing           |       |       |       |       |     2 |       ||     2
  Eat: Chunk             |       |     4 |    12 |    16 |    37 |     1 ||    70
       Fruit             |       |       |     3 |       |       |       ||     3
       Bread ration      |       |       |       |     2 |       |       ||     2
       Pizza             |       |       |       |     4 |     2 |       ||     6
       Meat ration       |       |       |       |     1 |       |       ||     1
       Beef jerky        |       |       |       |       |     1 |       ||     1
